 Dungeon Sprint DCSS version 0.29-a0-364-g921d912d32 (webtiles) character file.

Game seed: 16813611965685286787

15880 mhtbhm the Severer (level 12, -11/135 HPs)
             Began as a Kobold Berserker on Apr 30, 2022.
             Was the Champion of Trog.
             Mangled by Saint Roka
             ... wielding a +1 vampiric long sword
              (16 damage)
             ... in the Dungeon (Sprint VII: "The Pits").
             The game lasted 00:06:49 (2928 turns).

mhtbhm the Severer (Kobold Berserker)               Turns: 2928, Time: 00:06:51

Health: -11/135    AC: 14    Str: 18    XL:     12   Next: 63%
Magic:  12/12      EV: 20    Int:  9    God:    Trog [******]
Gold:   20         SH:  0    Dex: 15    Spells: 11/11 levels left

rFire   . . .      SeeInvis +   a - +2 broad axe (flame)
rCold   . . .      Faith    .   (shield currently unavailable)
rNeg    . . .      Spirit   .   b - +4 scale mail
rPois   .          Reflect  .   k - +1 hat
rElec   +          Harm     .   (no cloak)
rCorr   .          Rampage  .   (no gloves)
Will    .....      Clarity  +   (no boots)
Stlth   .......... NoTele   +   (no amulet)
HPRegen 1.12/turn               w - ring of see invisible
MPRegen 0.13/turn               l - +3 ring of evasion

@: berserking (expiring), very quick
A: small, no large weapons, nightstalker 3, clarity, regeneration 1, electricity
resistance
a: Renounce Religion, Berserk, Trog's Hand, Brothers in Arms


You were in the Dungeon.
You worshipped Trog.
Trog was exalted by your worship.
You visited 1 branch You collected 20 gold pieces.

Inventory:

Hand Weapons
 a - a +2 broad axe of flaming (weapon)
Armour
 b - a +4 scale mail (worn)
 k - a +1 hat (worn)
 n - a +0 cloak
Jewellery
 l - a +3 ring of evasion (right hand)
 o - a ring of fire
 w - a ring of see invisible (left hand)
Wands
 v - a wand of polymorph (2)
Scrolls
 h - 2 scrolls of identify
 j - a scroll of summoning
 p - a scroll of brand weapon
 q - 3 scrolls of immolation
 r - 4 scrolls of enchant weapon
 s - 4 scrolls of enchant armour
 t - 2 scrolls of fog
 u - a scroll of fear
Potions
 c - 8 potions of curing
 d - 14 potions of heal wounds
 e - a potion of haste
 f - 4 potions of magic
 g - 5 potions of berserk rage
 i - 2 potions of invisibility
 m - 4 potions of mutation


   Skills:
 + Level 16.9 Fighting
 + Level 17.0 Axes
 + Level 11.3 Armour
 + Level 10.1 Dodging
 + Level 14.8 Stealth


You had 11 spell levels left.
You didn't know any spells.
Your spell library was empty.

Dungeon Overview and Level Annotations

Branches:
Dungeon (1/1)

Altars:
Gozag
Hepliaklqana
Sif Muna
Trog
Jiyva

Annotations:
D Saint Roka


Innate Abilities, Weirdness & Mutations

You are small and have problems with some larger weapons.
You are completely attuned to the shadows.
You possess an exceptional clarity of mind.
Your natural rate of healing is unusually fast.
You are resistant to electric shocks. (rElec)


Message History

You slash the minotaur! You burn the minotaur.
The orc warrior hits you with a +0 flail!
The orc warrior barely misses you.
Saint Roka hits you with a +1 vampiric long sword.
The minotaur hits you!!
The minotaur gores you but does no damage.
You hit Saint Roka but do no damage.
Saint Roka is moderately wounded.
You hit the minotaur. You burn the minotaur. You hit the orc warrior.
You burn the orc warrior. You slash Saint Roka! You burn Saint Roka.
Saint Roka is moderately wounded.
You barely miss the orc warrior. You hit the minotaur. You burn the minotaur.
Your stone giant rages.
The minotaur hits you but does no damage.
The minotaur gores you!
The orc warrior hits you with a +0 flail.
The orc warrior hits you from afar with a +0 glaive!
Saint Roka invokes the aid of Beogh against you.
Beogh smites you!
* * * LOW HITPOINT WARNING * * *
You hit Saint Roka. You burn Saint Roka.
Saint Roka is heavily wounded.
You slice the orc warrior!! You burn the orc warrior.
You kill the orc warrior!
Trog accepts your kill.
You hit the minotaur. You burn the minotaur.
Unknown command.
Press: ? - help, v - describe, . - travel
Here: Saint Roka, wielding a +1 vampiric long sword and wearing a +1 plate armour of fire resistance (heavily wounded)
The floor, spattered with blood.
Unknown command.
You swap places.
The minotaur throws a silver javelin.
The silver javelin pierces through your stone giant!!
The silver javelin pierces through you!!
* * * LOW HITPOINT WARNING * * *
The silver sears you!
* * * LOW HITPOINT WARNING * * *
Saint Roka hits you with a +1 vampiric long sword!
You die...

+..........#
+..........#
#..#....#..#
#..........+
#..........+
###''####''#
###''####''#########
#oo@...##...........
#o#C##o##...........
#.#oH'.##..#########
# 'o=#.##..# .#=}+
##..#
#++###########.+[.#
#).# ........##..#
#..# .#......##..#
#).# ........''..#
#..#


You could see Saint Roka, a minotaur, 3 orc warriors, an orc priest (strong,
ally target), an orc (strong) and a friendly stone giant (summoned, berserk).

Vanquished Creatures
  Gastronok (D)
  A vampire knight (D)
  A great orb of eyes (D)
  A catoblepas (D)
  A merfolk aquamancer (D)
  2 two-headed ogres (D)
  A death yak (D)
  A shadow wraith (D)
  A lindwurm (D)
  A swamp dragon (D)
  A wolf spider (D)
  An orc sorcerer (D)
  An ice devil (D)
  2 guardian mummies (D)
  2 merfolk (D)
  2 hornets (D)
  A jumping spider (D)
  A ynoxinul (D)
  2 water elementals (D)
  A shadow (D)
  A wraith (D)
  A redback (D)
  A warg (D)
  2 water moccasins (D)
  2 floating eyes (D)
  3 orc warriors (D)
  A black bear (D)
  A swamp drake (D)
  A sky beast (D)
  7 wolves (D)
  A small abomination (D)
  A bullfrog (D)
  A necrophage (D)
  6 killer bees (D)
  2 orc priests (D)
  A jelly (D)
  2 gnoll shamans (D)
  An iron imp (D)
  2 orc wizards (D)
  An adder (D)
  6 gnolls (D)
  2 river rats (D)
  A white imp (D)
  A worm (D)
  6 orcs (D)
  A ball python (D)
  An endoplasm (D)
  2 hobgoblins (D)
  A jackal (D)
  A quokka (D)
  2 bats (D)
  A frilled lizard (D)
  A kobold (D)
  A rat (D)
90 creatures vanquished.

Vanquished Creatures (collateral kills)
  A death cob (D)
  A boulder beetle (D)
  A deep troll (D)
  An orc sorcerer (D)
  A tarantella (D)
  A vampire (D)
  A spriggan (D)
  A jumping spider (D)
  A floating eye (D)
  A gnoll (D)
  A jackal (D)
11 creatures vanquished.

Vanquished Creatures (others)
  An orc (D)
1 creature vanquished.

Grand Total: 102 creatures vanquished

Notes
Turn   | Place    | Note
-------+----------+-------------------------------------------
     0 | D        | mhtbhm the Kobold Berserker began the quest for the Orb.
     0 | D        | Reached XP level 1. HP: 14/14 MP: 1/1
    11 | D        | Noticed a floating eye
    16 | D        | Killed a floating eye
    17 | D        | Reached skill level 5 in Axes
    17 | D        | Reached XP level 2. HP: 23/23 MP: 2/2
    17 | D        | Reached XP level 3. HP: 28/28 MP: 3/3
    17 | D        | Reached XP level 4. HP: 32/32 MP: 4/4
    57 | D        | Reached XP level 5. HP: 34/37 MP: 5/5
    59 | D        | Reached ** piety under Trog
   119 | D        | Noticed a floating eye
   126 | D        | Paralysed by a floating eye for 4 turns
   134 | D        | Killed a floating eye
   135 | D        | Reached skill level 6 in Axes
   135 | D        | Reached skill level 5 in Dodging
   135 | D        | Reached XP level 6. HP: 44/44 MP: 6/6
   139 | D        | Reached *** piety under Trog
   341 | D        | Reached skill level 7 in Axes
   419 | D        | Reached **** piety under Trog
   453 | D        | Reached ***** piety under Trog
   635 | D        | Noticed a water moccasin
   640 | D        | Reached skill level 5 in Stealth
   643 | D        | Received a gift from Trog
   644 | D        | Reached skill level 8 in Axes
   644 | D        | Reached XP level 7. HP: 48/51 MP: 7/7
   647 | D        | Killed a water moccasin
   708 | D        | Noticed a wraith
   720 | D        | Reached skill level 10 in Fighting
   720 | D        | Reached skill level 9 in Axes
   729 | D        | Reached XP level 8. HP: 57/57 MP: 8/8
   741 | D        | Killed a wraith
   741 | D        | Received a gift from Trog
   752 | D        | Reached skill level 10 in Axes
   795 | D        | Gained mutation: You are resistant to electric shocks.
                  | (rElec) [potion of mutation]
   795 | D        | Gained mutation: You possess an exceptional clarity of
                  | mind. [potion of mutation]
   795 | D        | Gained mutation: Your natural rate of healing is unusually
                  | fast. [potion of mutation]
   966 | D        | Found a bloodstained altar of Trog.
   966 | D        | Found a shimmering blue altar of Sif Muna.
   966 | D        | Found a viscous altar of Jiyva.
   966 | D        | Found a hazy altar of Hepliaklqana.
   966 | D        | Found an opulent altar of Gozag.
   993 | D        | Noticed a jumping spider
  1010 | D        | Reached skill level 5 in Armour
  1016 | D        | Killed a jumping spider
  1157 | D        | Noticed a tarantella
  1178 | D        | Killed a tarantella
  1179 | D        | Reached XP level 9. HP: 23/64 MP: 9/9
  1180 | D        | Killed a shadow wraith
  1181 | D        | Reached skill level 11 in Axes
  1445 | D        | Noticed a death yak
  1460 | D        | Received a gift from Trog
  1471 | D        | Killed a death yak
  1472 | D        | Reached skill level 12 in Axes
  1472 | D        | Reached XP level 10. HP: 71/71 MP: 10/10
  1538 | D        | Received a gift from Trog
  1597 | D        | Received a gift from Trog
  1598 | D        | Noticed a swamp dragon
  1608 | D        | Reached skill level 13 in Axes
  1617 | D        | Killed a swamp dragon
  1735 | D        | Noticed a lindwurm
  1743 | D        | Killed a lindwurm
  1781 | D        | Noticed a death cob
  1795 | D        | Noticed an orc sorcerer
  1805 | D        | Noticed a great orb of eyes
  1816 | D        | Killed a great orb of eyes
  1817 | D        | Reached skill level 14 in Axes
  1817 | D        | Reached skill level 10 in Stealth
  1817 | D        | Reached XP level 11. HP: 79/79 MP: 11/11
  1818 | D        | Reached ****** piety under Trog
  1855 | D        | Killed a death cob
  1856 | D        | Reached skill level 10 in Armour
  1856 | D        | Killed an orc sorcerer
  1857 | D        | Reached skill level 15 in Axes
  1930 | D        | Noticed a deep troll
  1931 | D        | Noticed a vampire knight
  1932 | D        | Noticed a spriggan rider
  1935 | D        | Noticed a boulder beetle
  1937 | D        | Killed a deep troll
  1941 | D        | Received a gift from Trog
  1942 | D        | Killed a vampire knight
  1948 | D        | Reached skill level 15 in Fighting
  1951 | D        | Received a gift from Trog
  1952 | D        | Killed a boulder beetle
  2164 | D        | Reached skill level 16 in Axes
  2360 | D        | Noticed a two-headed ogre
  2362 | D        | Identified the +6 quarterstaff of the Wasteland {vorpal,
                  | Str+5 Stlth+} (Trog gifted it to you in the Dungeon)
  2362 | D        | Received a gift from Trog
  2369 | D        | Reached XP level 12. HP: 88/88 MP: 12/12
  2375 | D        | Killed a two-headed ogre
  2376 | D        | Noticed a two-headed ogre
  2384 | D        | Killed a two-headed ogre
  2424 | D        | Noticed a catoblepas
  2543 | D        | Killed a catoblepas
  2555 | D        | Noticed a merfolk aquamancer
  2557 | D        | Received a gift from Trog
  2579 | D        | Killed a merfolk aquamancer
  2579 | D        | Received a gift from Trog
  2588 | D        | Noticed Gastronok
  2674 | D        | Killed Gastronok
  2675 | D        | Reached skill level 10 in Dodging
  2827 | D        | Reached skill level 17 in Axes
  2914 | D        | Noticed a minotaur
  2914 | D        | Noticed Saint Roka
  2920 | D        | Found the +0 pair of fencer's gloves {Riposte Dex+3}
  2928 | D        | HP: 5/135 [minotaur/silver javelin (9)]
  2928 | D        | Mangled by Saint Roka

Illustrated notes

Levels and vault maps discovered:
D:        pitsprint [storerooms_1, entrance_room_1, metal_vault_3, armoury_3,
          mini_pit_1, grid_room_1, main_hall_1, silver_pit, the_coven_1,
          the_vestibule_1, steel_vault_1, golden_pit, hallway_of_sentries,
          crystal_vault_3, iron_vault_1, final_vault]

Skill      XL: |  1  2  3  4  5  6  7  8  9 10 11 12 |
---------------+-------------------------------------+-----
Fighting       | 6 8 9 10 11 12 13 15 16 | 16.9
Axes           | 5 6 8 9 10 12 14 16 17 | 17.0
Armour         | 2 3 4 6 8 9 10 11 | 11.3
Dodging        | 4 5 6 7 8 9 10 | 10.1
Stealth        | 2 5 7 8 10 12 14 | 14.8

Action                   |  1- 3 |  4- 6 |  7- 9 | 10-12 || total
-------------------------+-------+-------+-------+-------++-------
Melee: Hand axe          |     3 |    62 |    39 |       ||   104
       Punch             |       |     1 |       |     1 ||     2
       War axe           |       |       |    37 |   159 ||   196
       Broad axe         |       |       |       |    22 ||    22
Invok: Berserk           |       |       |     4 |     8 ||    12
       Brothers in Arms  |       |       |     2 |     3 ||     5
  Use: Potion            |       |       |     3 |     1 ||     4
       Scroll            |       |       |     1 |       ||     1
 Stab: Sleeping          |     1 |     7 |     1 |    10 ||    19
       Distracted        |       |       |       |     2 ||     2
Armor: Scale mail        |       |     8 |    26 |    33 ||    67
Dodge: Dodged            |       |    29 |    84 |   153 ||   266

Table legend: (Time is in decaauts)
 A = Elapsed time spent in this place.
 B = Non-inter-level travel time spent in this place.
 C = Inter-level travel time spent in this place.
 D = Time resting spent in this place.
 E = Time spent auto-exploring this place.
 F = Levels seen in this place.
 G = Mean time per level.
                   A        B        C        D        E       F      G
               +--------+--------+--------+--------+--------+-----+--------+
         Total |   3009 |   3009 |      0 |   1772 |     67 |   1 | 3009.0 |
       Dungeon |   3009 |   3009 |      0 |   1772 |     67 |   1 | 3009.0 |
               +--------+--------+--------+--------+--------+-----+--------+

Top non-repeatable levels by time:
       D: 3009 daAuts
